 Dungeon Crawl Stone Soup version 0.30-a0-174-gbc10bd73c2 (webtiles) character file.

Game seed: 1641963438146628818

80 qw the Chopper (level 4, -3/28 HPs)
             Began as a Gargoyle Fighter on Oct 1, 2022.
             Slain by a gnoll
             ... wielding a +0 halberd
              (8 damage)
             ... on level 2 of the Dungeon.
             The game lasted 00:00:30 (1417 turns).

qw the Chopper (Gargoyle Fighter)                   Turns: 1417, Time: 00:00:31

Health: -3/28      AC: 10    Str: 21    XL:     4   Next: 39%
Magic:  4/4        EV:  9    Int:  9    God:
Gold:   38         SH:  4    Dex:  9    Spells: 3/3 levels left

rFire   . . .      SeeInvis .    Y - +0 war axe
rCold   . . .      Faith    .    c - +0 buckler
rNeg    + . .      Spirit   .    b - +0 scale mail
rPois   inf        Reflect  .    (no helmet)
rElec   +          Harm     .    (no cloak)
rCorr   .          Rampage  .    (no gloves)
Will    .....                    (no boots)
Stlth   ..........               (no amulet)
HPRegen 0.24/turn                (no ring)
MPRegen 0.09/turn                (no ring)

@: about to teleport
A: sickness immunity, AC +3, negative energy resistance 1, electricity
resistance, torment resistance 1, petrification resistance
a: no special abilities


You were on level 2 of the Dungeon.
You visited 1 branch of the dungeon, and saw 2 of its levels.

You collected 38 gold pieces.


Innate Abilities, Weirdness & Mutations

You are immune to sickness and miasma.
Your stone body is resilient. (AC +3)
You are immune to poison.
You resist negative energy. (rN+)
You are resistant to electric shocks. (rElec)
You are resistant to unholy torment.
You are immune to petrification.


   Skills:
 - Level 3.2 Fighting
 + Level 4.1 Axes
 - Level 3.2 Armour
 - Level 3.2 Shields


You had 3 spell levels left.
You didn't know any spells.
Your spell library was empty.

Inventory:

Hand Weapons
 h - a +3 whip
 Y - a +0 war axe (weapon)
Armour
 b - a +0 scale mail (worn)
 c - a +0 buckler (worn)
 i - a +0 helmet
Scrolls
 a - a scroll of identify
 e - a scroll of teleportation
 g - a scroll of magic mapping {unknown}
Potions
 d - a potion of might
 f - a potion of heal wounds {unknown}

Dungeon Overview and Level Annotations

Branches:
Dungeon (2/15)

Altars:


Message History

Found an escape hatch in the floor.
There is an escape hatch in the floor here.
i - a +0 helmet
Found a dagger.
Enter note: You now have 38 gold pieces (gained 18).
You open the door.
There is an open door here.
A gnoll comes into view. It is wielding a +0 club.
You see here a scroll labelled YSCHYM TUR OTTACUGH.
Enter note:
1405 ||| Stepping ~*~*~tactically~*~*~ (stealth).
1406 ||| Stepping ~*~*~tactically~*~*~ (stealth).
The gnoll shouts!
You hear a shout!
You barely miss the gnoll. The gnoll hits you but does no damage.
The gnoll hits you with a +0 club.
You closely miss the gnoll. The gnoll hits you with a +0 club.
You slash the gnoll!
The gnoll is heavily wounded.
A gnoll comes into view. It is wielding a +0 halberd.
The gnoll hits you with a +0 club.
You barely miss the gnoll.
The gnoll is heavily wounded.
You block the gnoll's attack.
The gnoll hits you from afar with a +0 halberd!
You hit the gnoll.
The gnoll is severely wounded.
The gnoll closely misses you. The gnoll hits you but does no damage.
You slash the gnoll!
You kill the gnoll!
The gnoll closely misses you. The gnoll hits you with a +0 halberd.
1416 ||| READING 2 scrolls of teleportation.
As you read the scroll of teleportation, it crumbles to dust.
You feel strangely unstable. The gnoll hits you with a +0 halberd.
You closely miss the gnoll. The gnoll barely misses you.
The gnoll hits you with a +0 halberd!
You die...

#:....##.###.###.
#..#.###.# #.....
....... ..# #####.
#####.# ### ## ##'## #
##...## # ##.....## ####
##.......## ##.##
#@).?.....####...#
......g.........'.......
...####.........####...#
##.......## #..##
##.....## #.##. ##...##
#.##. ##+## #.##. #)...
#####


You could see a gnoll.

Vanquished Creatures
  Jessica (D:2)
  2 gnolls
  6 ball pythons
  An endoplasm (D:1)
  A goblin (D:2)
  5 hobgoblins (D:1)
  2 jackals (D:1)
  5 kobolds (D:1)
  2 quokkas (D:1)
  5 bats
  2 rats (D:1)
32 creatures vanquished.

Notes
Turn   | Place    | Note
-------+----------+-------------------------------------------
     0 | D:1      | qw the Gargoyle Fighter began the quest for the Orb.
     0 | D:1      | Reached XP level 1. HP: 14/14 MP: 1/1
     0 | D:1      | 0 ||| qw: Version: 0.2-a-13-gfc7b4b4
     0 | D:1      | 0 ||| qw: Game counter: 1875
     0 | D:1      | 0 ||| qw: Always use a shield: true
     0 | D:1      | 0 ||| qw: God list: Okawaru
     0 | D:1      | 0 ||| qw: Allow faded altars: false
     0 | D:1      | 0 ||| qw: Do Orc after D:15 true
     0 | D:1      | 0 ||| qw: Do second Lair branch before Depths: true
     0 | D:1      | 0 ||| qw: Lair rune preference: random
     0 | D:1      | 0 ||| qw: Plans: Normal, Zot:1-4, God:TSO, Crypt, Tomb,
                  | Pan, Slime:5, Hells, Abyss, Orb
     0 | D:1      | 0 ||| PLANNING D:1-11
   114 | D:1      | Reached skill level 2 in Axes
   124 | D:1      | Reached XP level 2. HP: 11/19 MP: 2/2
   182 | D:1      | 182 ||| Stepping ~*~*~tactically~*~*~ (stealth).
   184 | D:1      | 184 ||| Stepping ~*~*~tactically~*~*~ (stealth).
   355 | D:1      | Reached skill level 3 in Axes
   384 | D:1      | Reached XP level 3. HP: 23/23 MP: 3/3
   488 | D:1      | 488 ||| Stepping ~*~*~tactically~*~*~ (stealth).
   489 | D:1      | 489 ||| Stepping ~*~*~tactically~*~*~ (stealth).
   627 | D:1      | 627 ||| DROPPING +0 whip.
  1018 | D:1      | 1018 ||| READING 2 scrolls labelled PAAMNO HODGH.
  1019 | D:1      | 1019 ||| READING scroll labelled OLOSUBE LAJUMA.
  1095 | D:2      | 1095 ||| STAIRDANCE
  1206 | D:2      | Noticed Jessica
  1207 | D:2      | 1207 ||| Stepping ~*~*~tactically~*~*~ (hiding).
  1209 | D:2      | 1209 ||| Stepping ~*~*~tactically~*~*~ (hiding).
  1215 | D:2      | Killed Jessica
  1216 | D:2      | Reached skill level 4 in Axes
  1216 | D:2      | Reached XP level 4. HP: 28/28 MP: 4/4
  1405 | D:2      | 1405 ||| Stepping ~*~*~tactically~*~*~ (stealth).
  1406 | D:2      | 1406 ||| Stepping ~*~*~tactically~*~*~ (stealth).
  1415 | D:2      | HP: 7/28 [gnoll/+0 halberd (5)]
  1416 | D:2      | 1416 ||| READING 2 scrolls of teleportation.
  1417 | D:2      | Slain by a gnoll

Levels and vault maps discovered:
D:1:      dpeg_arrival_shrine, layout_loops_corners
D:2:      layout_loops_corners, chequers_ecumenical_altar_simple, basic_altar,
          uniq_jessica, uniq_crazy_yiuf_cottage

Skill      XL: |  1  2  3 |
---------------+----------+-----
Axes           | 2 3 4 |  4.1
Fighting       | |  3.2
Armour         | |  3.2
Shields        | |  3.2

Action                   |  1- 3 |  4- 6 || total
-------------------------+-------+-------++-------
Melee: War axe           |    93 |     7 ||   100
  Use: Scroll            |     2 |     1 ||     3
Armor: Scale mail        |    55 |     2 ||    57
Dodge: Dodged            |    47 |     3 ||    50
Block: Buckler           |    16 |     1 ||    17

Table legend:
 A = Non-vault XP
 B = Vault XP
 C = Vault XP percentage of total XP
 D = Non-vault monster count
 E = Vault monster count
 F = Vault count percentage of total count
                 A         B        C        D         E       F
            +---------+---------+-------+---------+---------+-------
      Total |      78 |      37 |  32.2 |      31 |       1 |   3.1
            +---------+---------+-------+---------+---------+-------
        D:1 |      60 |       0 |   0.0 |      27 |       0 |   0.0
        D:2 |      18 |      37 |  67.3 |       4 |       1 |  20.0
            +---------+---------+-------+---------+---------+-------
